 Dungeon Crawl Stone Soup version 0.19.1 (webtiles) character file.

78 HessuHobo the Poker (level 4, -1/33 HPs)
             Began as a Demonspawn Gladiator on Dec 27, 2016.
             Slain by an orc
             ... wielding a +0 hand axe
              (7 damage)
             ... on level 3 of the Dungeon.
             The game lasted 00:05:08 (2464 turns).

HessuHobo the Poker (Demonspawn Gladiator)          Turns: 2464, Time: 00:05:09

Health: -1/33      AC:  3    Str: 15    XL:     4   Next: 15%
Magic:  4/4        EV: 13    Int:  9    God:
Gold:   148        SH:  0    Dex: 15    Spells: 0 memorised, 3 levels left

rFire  + . .     SeeInvis .     a - +0 trident
rCold  x . .     Gourm    .     h - -2 robe (curse)
rNeg   . . .     Faith    .     (no shield)
rPois  .         Spirit   .     c - +0 helmet
rElec  .         Reflect  .     (no cloak)
rCorr  .         Harm     .     (no gloves)
MR     .....                    (no boots)
Stlth  +.........               (no amulet)
                                (no ring)
                                e - ring of fire

@: no status effects
A: icy blue scales 1, powered by death 1
a: no special abilities


You were on level 3 of the Dungeon.
You were very hungry.

You visited 1 branch of the dungeon, and saw 3 of its levels.

You collected 148 gold pieces.

Inventory:

Hand Weapons
 a - a +0 trident (weapon)
 o - a +0 club
Missiles
 d - 3 throwing nets (quivered)
Armour
 b - a +0 leather armour
 c - a +0 helmet (worn)
 h - a cursed -2 robe (worn)
 n - a +0 ring mail
Jewellery
 e - a ring of fire (left hand)
Wands
 m - a wand of enslavement (23/24)
Scrolls
 k - 2 scrolls of identify
 q - a scroll of magic mapping {unknown}
 t - a scroll of fog {unknown}
Potions
 j - a potion of berserk rage
 l - a potion of ambrosia
 p - a potion of degeneration {unknown}
 s - 2 potions of heal wounds {unknown}
Comestibles
 f - 3 bread rations
 i - a royal jelly
 r - a meat ration


   Skills:
 - Level 2.0 Fighting
 + Level 4.3 Polearms
 - Level 1.7 Throwing
 - Level 0.8 Armour
 - Level 2.6 Dodging
 - Level 0.2 Stealth


You had 3 spell levels left.
You didn't know any spells.

Dungeon Overview and Level Annotations

Branches:
Dungeon (3/15)

Altars:
Nemelex Xobeh
Yredelemnul


Innate Abilities, Weirdness & Mutations

You are partially covered in icy blue scales. (AC +2)
You regenerate a little health from kills.


Message History

The orc closely misses you.
You closely miss the orc. You hit the orc but do no damage. The orc misses you.
The orc barely misses you.
You closely miss the orc. The orc closely misses you.
The orc hits you with a dagger.
You closely miss the orc. The orc hits you but does no damage.
The orc misses you.
You hit the orc but do no damage. The orc hits you but does no damage. x2
You hit the orc but do no damage. The orc hits you with a hand axe.
The orc hits you but does no damage.
You barely miss the orc. The orc hits you with a hand axe.
The orc closely misses you.
You hit the orc but do no damage. The orc hits you with a dagger.
* * * LOW HITPOINT WARNING * * *
The orc barely misses you.
You hit the orc but do no damage. The orc hits you with a dagger.
* * * LOW HITPOINT WARNING * * *
The orc hits you with a hand axe!
You die...

#.#.# ...# #..# ..#
#.## #+##### #..#
......# #.o###########
......## #oo@.........#
.......# #.##########.#
.......#######.# #.#
.......#.......########
#.#######
.....).#.###.....oo.o..
#.#.....# )......#
+......$.?.. #.#.##.##
.......# #...........
#(#.##.# .......#
#.########## #.#.##.#
...###.# #. #.#.##.#


You could see 3 orcs.

Vanquished Creatures
  2 adders
  3 dart slugs
  5 orcs (D:3)
  A ball python (D:2)
  3 bats
  4 giant cockroaches (D:2)
  3 hobgoblins
  2 quokkas
  2 frilled lizards (D:1)
  6 goblins
  6 kobolds
  9 rats
  A spectral orc (D:2)
47 creatures vanquished.

Notes
Turn   | Place    | Note
-------+----------+-------------------------------------------
     0 | D:1      | HessuHobo the Demonspawn Gladiator began the quest for the Orb.
     0 | D:1      | Reached XP level 1. HP: 16/16 MP: 1/1
    79 | D:1      | Reached skill level 3 in Polearms
   258 | D:1      | Gained mutation: You regenerate a little health from kills. [demonic ancestry]
   258 | D:1      | Reached XP level 2. HP: 18/22 MP: 2/2
   889 | D:2      | Gained mutation: You are partially covered in icy blue scales. (AC +2) [demonic ancestry]
   889 | D:2      | Reached XP level 3. HP: 14/27 MP: 3/3
  1538 | D:2      | Reached skill level 4 in Polearms
  1600 | D:2      | Found a basalt altar of Yredelemnul.
  1869 | D:3      | Found a sparkling altar of Nemelex Xobeh.
  2140 | D:3      | Reached XP level 4. HP: 26/33 MP: 4/4
  2464 | D:3      | Slain by an orc

Skill      XL: |  1  2  3 |
---------------+----------+-----
Polearms       | 3 4 |  4.3
Fighting       | |  2.0
Throwing       | |  1.7
Armour         | |  0.8
Dodging        | |  2.6
Stealth        | |  0.2

Action                   |  1- 3 |  4- 6 || total
-------------------------+-------+-------++-------
Melee: Trident           |   144 |    27 ||   171
  Use: Scroll            |     4 |       ||     4
       Potion            |     4 |       ||     4
 Stab: Sleeping          |     3 |       ||     3
  Eat: Chunk             |     4 |       ||     4
Armor: Robe              |    29 |     3 ||    32
       Leather armour    |     6 |       ||     6
Dodge: Dodged            |   111 |    17 ||   128
